 Dungeon Crawl Stone Soup version 0.30-a0-1050-g2766ea1e55 (webtiles) character file.

Game seed: 2359721808252958871

153 KristoblXynda the Slasher (level 5, -3/45 HPs)
             Began as a Draconian Gladiator on Apr 11, 2023.
             Was an Initiate of Gozag.
             Slain by a scorpion (4 damage)
             ... on level 3 of the Dungeon.
             The game lasted 00:03:55 (3002 turns).

KristoblXynda the Slasher (Draconian Gladiator)     Turns: 3002, Time: 00:03:55

Health: -3/45      AC:  5    Str: 16    XL:     5   Next: 12%
Magic:  14/14      EV: 13    Int: 11    God:    Gozag
Gold:   155        SH:  0    Dex: 12    Spells: 4/4 levels left

rFire   . . .      SeeInvis .    a - +0 long sword
rCold   . . .      Faith    .    (no shield)
rNeg    . . .      Spirit   .    (body armour unavailable)
rPois   .          Reflect  .    b - +0 hat
rElec   .          Rampage  .    (no cloak)
rCorr   .                        (no gloves)
Will    .....                    (no boots)
Stlth   +                        (no amulet)
HPRegen 0.27/turn                l - ring of magical power
MPRegen 0.14/turn                (no ring)

@: slowed, very slow
A: AC +5, unfitting armour, cold-blooded
a: Renounce Religion, Potion Petition, Call Merchant, Bribe Branch


You were on level 3 of the Dungeon.
You worshipped Gozag.
Gozag was aware of your devotion.
You visited 1 branch of the dungeon, and saw 4 of its levels.

You collected 368 gold pieces.
You spent 188 gold pieces at shops.
You paid 25 gold pieces to Gozag.

Inventory:

Hand Weapons
 a - a +0 long sword (weapon)
Missiles
 d - a javelin (quivered)
Armour
 b - a +0 hat (worn)
Jewellery
 l - a ring of magical power (left hand)
Scrolls
 e - 2 scrolls of teleportation
 f - 2 scrolls of fear
 o - a scroll of butterflies {unknown}
 r - a scroll of noise {unknown}
 u - a scroll of enchant weapon
 v - a scroll of enchant armour
Potions
 i - 2 potions of mutation
 j - a potion of heal wounds {unknown}
 k - a potion of brilliance {unknown}
 m - 2 potions of resistance
 n - a potion of haste
 q - 2 potions of attraction
 s - a potion of degeneration {unknown}
 t - a potion of cancellation {unknown}


   Skills:
 + Level 3.4 Fighting
 * Level 4.5 Long Blades
 - Level 2.1 Throwing
 + Level 3.5 Dodging


You had 4 spell levels left.
You didn't know any spells.
Your spell library contained the following spells:

 Spells                   Type           Power      Damage    Failure   Level
 Necrotise                Necr           0%         1d4       34%         1
 Vampiric Draining        Necr           0%         2d6       71%         3
 Agony                    Necr           0%         N/A       100%        5


Dungeon Overview and Level Annotations

Branches:
Dungeon (4/15)
 Temple: D:4-7

Altars:
Gozag
Sif Muna

Shops:
D:3 ?   D:4 !


Innate Abilities, Weirdness & Mutations

Your plain brown scales are hard. (AC +5)
You cannot fit into any form of body armour.
You are cold-blooded and may be slowed by cold attacks.


Message History

* * * LOW HITPOINT WARNING * * *
The endoplasm barely misses you.
Throw: 2 throwing nets
Press: ? - help, Q - select action, (/) - cycle Shift-Dir - straight line, f/p - scorpion
Aim: a scorpion (heavily wounded, 59% to hit)
You throw a throwing net.
The throwing net closely misses the scorpion.
The scorpion completely misses you.
The endoplasm hits you but does no damage.
The scorpion closely misses you.
Throw: throwing net
Press: ? - help, Q - select action, (/) - cycle Shift-Dir - straight line, f/p - scorpion
Aim: a scorpion (heavily wounded, 59% to hit)
You throw a throwing net. The throwing net hits the scorpion.
The scorpion is caught in the net!
The scorpion is heavily wounded.
The endoplasm misses you.
The scorpion struggles against the net.
The endoplasm hits you but does no damage.
The scorpion struggles against the net.
You hit the scorpion but do no damage.
Your tail-slap misses the scorpion.
The scorpion is heavily wounded.
The scorpion struggles against the net.
The endoplasm barely misses you.
The scorpion struggles against the net.
The endoplasm closely misses you.
You hit the scorpion but do no damage.
The scorpion is heavily wounded.
The scorpion struggles against the net.
The net rips apart, and the scorpion comes free!
The endoplasm closely misses you. The scorpion closely misses you.
You hit the scorpion. Your punch misses the scorpion.
The scorpion is heavily wounded.
The scorpion stings you.
* * * LOW HITPOINT WARNING * * *
The endoplasm closely misses you. The scorpion closely misses you.
The endoplasm misses you.
You completely miss the scorpion.
You tail-slap the scorpion, but do no damage.
The scorpion is heavily wounded.
The scorpion stings you.
You die...
Your body crumbles into a pile of gold.

#.#(# #.#.# #.#.#
#.#.# #.#.# #.#.#
#.#.#######.#.# ##
#.#.#.......#.# .#
#.#.#.#######.# .#
#.#.#.# #.#
.###.#)#.#######J#
.'.......(.....s@#
.###.#.#...####### .#
#.#.#.### ## #.#.#.#
#.#.#.#
#.#.#.##########
#.#............#
#...##########.####
###...#............<#


You could see a scorpion and an endoplasm.

Vanquished Creatures
  An orc priest (D:3)
  4 adders (D:3)
  3 dart slugs (D:3)
  10 orcs (D:3)
  8 ball pythons
  3 endoplasms
  3 giant cockroaches
  5 goblins
  7 hobgoblins
  3 kobolds
  3 quokkas
  6 bats
  7 frilled lizards
  7 rats
70 creatures vanquished.

Vanquished Creatures (others)
  A plant (D:1)
1 creature vanquished.

Grand Total: 71 creatures vanquished

Notes
Turn   | Place    | Note
-------+----------+-------------------------------------------
     0 | D:1      | KristoblXynda the Draconian Gladiator began the quest for
                  | the Orb.
     0 | D:1      | Reached XP level 1. HP: 17/17 MP: 1/1
     1 | D:1      | Found a faded altar of an unknown god.
   223 | D:1      | Reached XP level 2. HP: 24/25 MP: 2/2
  1065 | D:2      | Reached XP level 3. HP: 29/30 MP: 3/3
  1225 | D:2      | Found an opulent altar of Gozag.
  1272 | D:2      | Became a worshipper of Gozag Ym Sagoz the Greedy
  2029 | D:3      | Reached XP level 4. HP: 38/38 MP: 4/4
  2053 | D:3      | Reached skill level 4 in Long Blades
  2183 | D:3      | Found a shimmering blue altar of Sif Muna.
  2750 | D:3      | Reached XP level 5. HP: 38/45 MP: 5/5
  2785 | D:3      | Found Gedusiomn's Magic Scroll Shoppe.
  2792 | D:3      | Bought a scroll of identify for 26 gold pieces
  2792 | D:3      | Bought a scroll of enchant armour for 97 gold pieces
  2792 | D:3      | Bought a scroll of identify for 26 gold pieces
  2792 | D:3      | Bought a scroll of teleportation for 39 gold pieces
  2977 | D:4      | Found Odaeqanisk's Distillery.
  3001 | D:3      | HP: 1/45 [scorpion (6)]
  3002 | D:3      | Slain by a scorpion

Illustrated notes

Levels and vault maps discovered:
D:1:      amcnicky_arrival_blooded_trapdoor, layout_loops_corners,
          basic_ecumenical_altar, serial_bayou_pond_c
D:2:      layout_basic, basic_altar
D:3:      layout_basic, lemuel_tele_altar, serial_shops,
          nicolae_shop_hallway_plus, minmay_diced_spiral
D:4:      layout_rooms, nicolae_ashenzari_panopticon,
          mainiacjoe_overflow_tiny_flanked, serial_shops, shop, shop, shop,
          nicolae_stop_n_shop_2, uniq_ijyb, uniq_grinder

Skill      XL: |  1  2  3  4 |
---------------+-------------+-----
Throwing       | 2 |  2.1
Dodging        | 3 |  3.5
Fighting       | 3 |  3.4
Long Blades    | 4 |  4.5

Action                     |  1- 3 |  4- 6 || total
---------------------------+-------+-------++-------
  Melee: Long sword        |   133 |    90 ||   223
         Tailslap          |     3 |     9 ||    12
         Punch             |     2 |     1 ||     3
  Throw: Throwing net      |       |     3 ||     3
    Use: Potion            |       |     4 ||     4
         Scroll            |       |     5 ||     5
   Stab: Distracted        |       |     2 ||     2
         Sleeping          |       |     1 ||     1
 Armour: Skin              |    44 |    32 ||    76
  Dodge: Dodged            |    98 |    76 ||   174

Table legend: (Time is in decaauts)
 A = Elapsed time spent in this place.
 B = Non-inter-level travel time spent in this place.
 C = Inter-level travel time spent in this place.
 D = Time resting spent in this place.
 E = Time spent auto-exploring this place.
 F = Levels seen in this place.
 G = Mean time per level.
                   A        B        C        D        E       F      G
               +--------+--------+--------+--------+--------+-----+--------+
         Total |   3058 |   2997 |     61 |     38 |   2402 |   4 |  764.5 |
       Dungeon |   3058 |   2997 |     61 |     38 |   2402 |   4 |  764.5 |
               +--------+--------+--------+--------+--------+-----+--------+

Top non-repeatable levels by time:
     D:3: 1162 daAuts
     D:1: 995 daAuts
     D:2: 893 daAuts
     D:4: 7 daAuts
